 Dungeon Crawl Stone Soup version 0.31.0-32-g396128a36d (console) character file.

Game seed: 5259894042045181408

970 unihiutale the Covered (level 8, -1/60 HPs)
             Began as a Human Wanderer on Apr 23, 2024.
             Slain by an acid dragon (13 damage)
             ... on level 7 of the Dungeon.
             The game lasted 00:13:46 (4451 turns).

unihiutale the Covered (Human Wanderer)             Turns: 4451, Time: 00:13:47

Health: -1/60      AC:  5    Str: 15    XL:     8   Next: 16%
Magic:  6/12       EV: 13    Int: 14    God:
Gold:   280        SH:  0    Dex: 17    Spells: 6/12 levels left

rFire   . . .        k - +6 dagger (speed)
rCold   . . .        (no shield)
rNeg    . . .        c - +0 leather armour
rPois   .            f - +1 helmet
rElec   .            (no cloak)
rCorr   .            (no gloves)
SInv    .            (no boots)
Will    .....        (no amulet)
Stlth   ++           j - +6 ring of dexterity
HPRegen 0.30/turn    b - +4 ring of protection
MPRegen 0.13/turn

%: no passive effects
@: brilliant, corroded
A: explore regen
a: no special abilities


You were on level 7 of the Dungeon.
You visited 1 branch of the dungeon, and saw 7 of its levels.

You collected 280 gold pieces.

Inventory:

Hand Weapons
 a - a +3 hand axe
 k - a +6 dagger of speed (weapon)
Missiles
 h - 9 poisoned darts (quivered)
 o - a throwing net
Armour
 c - a +0 leather armour (worn)
 f - a +1 helmet (worn)
Jewellery
 b - a +4 ring of protection (right hand)
 j - a +6 ring of dexterity (left hand)
 l - a ring of fire
Scrolls
 d - 4 scrolls of identify
 i - 3 scrolls of vulnerability
 m - 2 scrolls of fog
Potions
 n - a potion of curing


   Skills:
 * Level 3.7 Fighting
 + Level 3.2 Short Blades
 - Level 3.0 Axes
 + Level 1.2 Throwing
 * Level 4.0 Armour
 * Level 3.4 Dodging
 * Level 2.6 Stealth
 * Level 2.8 Spellcasting
 * Level 0.6 Hexes
 * Level 0.4 Ice Magic
 + Level 1.0 Air Magic
 + Level 2.0 Earth Magic
 + Level 2.3 Evocations


You had 6 spell levels left.
You knew the following spells:

 Your Spells              Type           Power      Damage    Failure   Level
a - Shock                 Conj/Air       20%        1d4       22%         1
b - Ensorcelled Hibernat  Hex/Ice        10%        N/A       32%         2
c - Passwall              Erth           11%        N/A       34%         3

Your spell library contained the following spells:

 Spells                   Type           Power      Damage    Failure   Level
 Magic Dart               Conj           12%        1d3       26%         1
 Blink                    Tloc           6%         N/A       38%         2
 Call Imp                 Summ           6%         N/A       38%         2
 Swiftness                Air            7%         N/A       47%         3
 Tukima's Dance           Hex            5%         N/A       52%         3
 Gell's Gravitas          Tloc           3%         N/A       63%         3
 Teleport Other           Tloc           3%         N/A       63%         3
 Passage of Golubria      Tloc           3%         N/A       95%         4
 Iskenderun's Battlesphe  Conj           3%         2d6       100%        5
 Yara's Violent Unravell  Hex/Alch       2%         3d3       100%        5
 Bombard                  Conj/Erth      3%         9d1       100%        6
 Dispersal                Tloc           1%         N/A       100%        6
 Spellforged Servitor     Conj/Summ      1%         N/A       100%        7


Dungeon Overview and Level Annotations

Branches:
Dungeon (7/15)
 Temple: D:4-7

Altars:
Elyvilon
Gozag
Hepliaklqana
Okawaru
Uskayaw
Vehumet
Xom

Shops:
D:5 *

Annotations:
D:2 Sigmund
D:4 Ijyb
D:5 exclusion: ice beast, Grinder
D:7 exclusions: centaur and jelly


Innate Abilities, Weirdness & Mutations

You regain HP and MP as you explore.


Message History

Press: ? - help, Shift-Dir - straight line, f - acid dragon
Aim: an acid dragon (blue smoke, lightly wounded, catching its breath, chance to affect: 36%)
The acid dragon easily resists.
The acid dragon completely misses you. The acid dragon claws you.
Casting: Ensorcelled Hibernation (dangerous; 32% risk of failure)
Confirm with . or Enter, or press ? or * to list all spells.
Aiming: Ensorcelled Hibernation (dangerous; 32% risk of failure)
Press: ? - help, Shift-Dir - straight line, f/p - acid dragon
Aim: an acid dragon (blue smoke, lightly wounded, catching its breath, chance to affect: 36%)
The acid dragon easily resists.
The acid dragon barely misses you. The acid dragon claws you.
* * * LOW HITPOINT WARNING * * *
Casting: Ensorcelled Hibernation (dangerous; 32% risk of failure)
Confirm with . or Enter, or press ? or * to list all spells.
Aiming: Ensorcelled Hibernation (dangerous; 32% risk of failure)
Press: ? - help, Shift-Dir - straight line, f/p - acid dragon
Aim: an acid dragon (blue smoke, lightly wounded, catching its breath, chance to affect: 36%)
The acid dragon looks drowsy...
The acid dragon roars!
Unknown command.
It was a potion of brilliance.
You feel clever all of a sudden. The acid dragon closely misses you.
The acid dragon claws you.
* * * LOW HITPOINT WARNING * * *
Casting: Ensorcelled Hibernation (dangerous; 32% risk of failure)
Confirm with . or Enter, or press ? or * to list all spells.
Aiming: Ensorcelled Hibernation (dangerous; 32% risk of failure)
Press: ? - help, Shift-Dir - straight line, f - you, p - acid dragon That would be overly suicidal.
Okay, then.
Casting: Ensorcelled Hibernation (dangerous; 32% risk of failure)
Confirm with . or Enter, or press ? or * to list all spells.
Aiming: Ensorcelled Hibernation (dangerous; 32% risk of failure)
Press: ? - help, Shift-Dir - straight line, f - acid dragon
Aim: an acid dragon (blue smoke, lightly wounded, not susceptible)
Okay, then.
Unknown command.
The acid dragon attacks as it pursues you!
The acid dragon bites you!
You die...

#.......######.#.#
#####.......######.#.#
#..................#..
#.###.....[..###.....#
#.# #........# +.....#
#.# ##.......# #.....#
#####.######+#####
###.#.#
#......§§§§.....+
###.###
#.#.....#@♣...♣.#
#.....# #.....#D♣._.♣
#.#.### #.....#§♣...♣
#.._..#
#.....+§§§....+
###.#.#
###+######+####
#.....# ....###.###
#........ ##.......
#.......


You could see an acid dragon.

Vanquished Creatures
  An ice beast (D:6)
  An ogre (D:4)
  A phantom (D:5)
  A kobold brigand (D:7)
  A bullfrog (D:7)
  3 scorpions (D:5)
  3 hounds
  A bombardier beetle (D:5)
  A sleepcap (D:5)
  An iguana (D:5)
  3 orc wizards
  3 gnolls
  2 adders (D:2)
  2 shadow imps (D:5)
  A ribbon worm (D:3)
  3 dart slugs
  9 orcs
  5 bats
  10 endoplasms
  2 giant cockroaches
  4 goblins (D:1)
  4 hobgoblins
  7 jackals
  8 kobolds
  3 ball pythons
  3 rats
83 creatures vanquished.

Vanquished Creatures (others)
  An orc wizard (D:5)
1 creature vanquished.

Grand Total: 84 creatures vanquished

Notes
Turn   | Place    | Note
-------+----------+-------------------------------------------
     0 | D:1      | unihiutale the Human Wanderer began the quest for the Orb.
     0 | D:1      | unihiutale set off with the following items: a +3 hand axe,
                  | a scroll of fear, a +0 leather armour; and the following
                  | spell memorised: Shock; and the following spells available
                  | to memorise: Swiftness.
     0 | D:1      | Reached XP level 1. HP: 16/16 MP: 2/2
    92 | D:1      | Reached skill level 1 in Armour
    92 | D:1      | Reached XP level 2. HP: 20/22 MP: 3/3
   341 | D:1      | Reached XP level 3. HP: 15/27 MP: 4/4
   963 | D:2      | Noticed Sigmund
  1088 | D:2      | Found a faded altar of an unknown god.
  1148 | D:2      | Found a shimmering altar of Xom.
  1213 | D:3      | Learned a level 2 spell: Ensorcelled Hibernation
  1507 | D:2      | Reached skill level 2 in Armour
  1507 | D:2      | Reached XP level 4. HP: 34/34 MP: 5/5
  1767 | D:4      | Noticed an ogre
  1875 | D:3      | Found an iron altar of Okawaru.
  1989 | D:4      | Noticed Ijyb
  1989 | D:4      | Paralysed by Ijyb for 2 turns
  2452 | D:5      | Entered Level 5 of the Dungeon
  2478 | D:5      | Reached XP level 5. HP: 27/40 MP: 7/7
  2585 | D:5      | Noticed an ice beast
  2641 | D:5      | Reached skill level 1 in Short Blades
  2641 | D:5      | Reached skill level 1 in Stealth
  2641 | D:5      | Reached skill level 1 in Earth Magic
  2666 | D:5      | Learned a level 3 spell: Passwall
  2710 | D:5      | Reached skill level 3 in Armour
  2710 | D:5      | Reached XP level 6. HP: 44/47 MP: 8/8
  2729 | D:5      | Noticed Grinder
  3174 | D:5      | Reached XP level 7. HP: 51/52 MP: 10/10
  3214 | D:5      | Found a white marble altar of Elyvilon.
  3291 | D:5      | Found a hazy altar of Hepliaklqana.
  3355 | D:5      | Found Fomoru's Assorted Antiques.
  3831 | D:6      | Reached skill level 1 in Throwing
  4066 | D:7      | Found a radiant altar of Vehumet.
  4075 | D:7      | Reached XP level 8. HP: 53/60 MP: 12/12
  4171 | D:7      | Reached skill level 4 in Armour
  4264 | D:7      | Found an opulent altar of Gozag.
  4428 | D:7      | Found a hide-covered altar of Uskayaw.
  4451 | D:7      | Slain by an acid dragon

Illustrated notes

Levels and vault maps discovered:
D:1:      onia_arrival_pentagram, layout_basic, minmay_fountain_box
D:2:      layout_rooms, basic_altar, shapermc_ecumenical_altar_totnotflames,
          uniq_sigmund
D:3:      layout_basic, evilmike_ruin_ashenzari, jmf_multi_god_temple,
          mainiacjoe_overflow_alcove_4, st_stairs_10
D:4:      dreamdust_elfheim, layout_rooms, uniq_ijyb, uniq_duvessa
D:5:      layout_layer_cave, cheibrodos_worm_habitat, kennysheep_mini,
          mainiacjoe_overflow_24_doors, serial_shops, nicolae_shop_stone,
          uniq_grinder
D:6:      layout_loops_ring, minmay_temple_entry_grid, minmay_crystal_water
D:7:      layout_basic, mainiacjoe_overflow_six_doors_small,
          nicolae_vehumet_radiance,
          nicolae_gozag_cash_rules_everything_around_me,
          kb_lookout_dungeons_type, minivault_10, minmay_misc_feat_hallway

Skill      XL: |  1  2  3  4  5  6  7  8 |
---------------+-------------------------+-----
Armour         | 1 2 3 4 |  4.0
Fighting       | 3 |  3.7
Short Blades   | 1 2 3 |  3.2
Dodging        | 2 3 |  3.4
Stealth        | 1 2 |  2.6
Earth Magic    | 1 2 |  2.0
Spellcasting   | 2 |  2.8
Throwing       | 1 |  1.2
Axes           | |  3.0
Hexes          | |  0.6
Ice Magic      | |  0.4
Air Magic      | |  1.0
Evocations     | |  2.3

Action                     |  1- 3 |  4- 6 |  7- 9 || total
---------------------------+-------+-------+-------++-------
  Melee: Hand axe          |    77 |       |       ||    77
         Dagger            |    14 |   152 |   139 ||   305
         Punch             |       |     2 |     1 ||     3
  Throw: Dart              |       |    10 |       ||    10
   Cast: Ensorcelled Hiber |       |     1 |     3 ||     4
         Passwall          |       |     1 |       ||     1
    Use: Potion            |     2 |     2 |     1 ||     5
         Scroll            |     1 |     4 |     3 ||     8
   Stab: Sleeping          |       |     5 |     1 ||     6
 Armour: Leather armour    |    59 |    64 |    71 ||   194
  Dodge: Dodged            |    58 |    75 |    36 ||   169
